 Dungeon Crawl Stone Soup version 0.31-a0-875-g02e7d12df6 (webtiles) character file.

Game seed: 14408634269484285175

195 Azuregosa the Covert (level 5, -3/36 HPs)
             Began as an Octopode Delver on Oct 12, 2023.
             Was an Initiate of Yredelemnul.
             Slain by an orc
             ... wielding a +0 short sword
              (5 damage)
             ... on level 2 of the Dungeon.
             The game lasted 00:07:09 (2410 turns).

Azuregosa the Covert (Octopode Delver)              Turns: 2410, Time: 00:07:10

Health: -3/36      AC:  1    Str: 12    XL:     5   Next: 74%
Magic:  5/5        EV: 13    Int: 14    God:    Yredelemnul [......]
Gold:   89         SH:  0    Dex: 13    Spells: 4/4 levels left

rFire   . . .        a - +0 mace
rCold   . . .        (no shield)
rNeg    . . .        (helmet restricted)
rPois   .            (no amulet)
rElec   .            (no ring)
rCorr   .            (no ring)
SInv    .            (no ring)
Will    .....        (no ring)
Stlth   +++++        (no ring)
HPRegen 0.26/turn    (no ring)
MPRegen 0.09/turn    (no ring)
                     (no ring)

%: no passive effects
@: no status effects
A: almost no armour, amphibious, 8 rings, camouflage 1, gelatinous body 1,
(nimble swimmer 1), tentacles
a: Renounce Religion, Recall Undead Harvest


You were on level 2 of the Dungeon.
You worshipped Yredelemnul.
Yredelemnul was noncommittal.
You visited 1 branch of the dungeon, and saw 5 of its levels.

You collected 89 gold pieces.

Inventory:

Hand Weapons
 a - a +0 mace (weapon)
Missiles
 g - 5 boomerangs
 k - 6 poisoned darts
Wands
 f - a wand of digging (3)
Scrolls
 b - a scroll of fog
 c - a scroll of revelation
 d - a scroll of fear
 h - a scroll of poison {unknown}
 i - a scroll of identify {unknown}
 j - a scroll of blinking {unknown}
Potions
 e - 2 potions of haste
 l - a potion of resistance {unknown}


   Skills:
 - Level 3.0 Fighting
 - Level 2.0 Maces & Flails
 - Level 2.0 Dodging
 + Level 10.2 Stealth


You had 4 spell levels left.
You didn't know any spells.
Your spell library contained the following spells:

 Spells                   Type           Power      Damage    Failure   Level
 Ensorcelled Hibernation  Hex/Ice        0%         N/A       41%         2
 Passwall                 Tmut/Erth      0%         N/A       41%         2
 Swiftness                Air            0%         N/A       65%         3


Dungeon Overview and Level Annotations

Branches:
Dungeon (5/15)
 Temple: D:4-7

Altars:
Yredelemnul

Shops:
D:4 [

Annotations:
D:5 1 runed translucent door, Crazy Yiuf


Innate Abilities, Weirdness & Mutations

You cannot wear most types of armour.
You are amphibious.
You can wear up to eight rings at the same time.
Your skin changes colour to match your surroundings (Stealth+).
Your rubbery body absorbs attacks. (AC +1, EV +1)
((You are camouflaged when in or above water. (Stealth+)))
You have tentacles for arms and can constrict up to eight enemies at once.


Message History

The orc closely misses you.
The orc wizard points at you and mumbles some strange words.
You resist with some effort.
Your quokka zombie bites the orc.
The orc closely misses you. The orc hits you with a +0 short sword.
The orc wizard barely misses you.
Your quokka zombie bites the orc.
You hit the orc wizard but do no damage.
You squeeze the orc wizard.
The orc wizard is severely wounded.
You constrict the orc wizard, but do no damage.
The orc completely misses you. The orc misses you.
The orc wizard gestures at you while chanting.
You resist with some effort.
Your quokka zombie barely misses the orc.
You hit the orc wizard. Your squeeze misses the orc wizard.
The orc wizard is almost dead.
You constrict the orc wizard, but do no damage.
The orc hits you with a +0 club.
The orc wizard hits you with a +0 dagger.
The orc closely misses you.
Your quokka zombie bites the orc but does no damage.
The orc barely misses you.
You hit the orc wizard.
You kill the orc wizard!
The dead are walking!
The orc completely misses you.
Your quokka zombie bites the orc but does no damage.
The orc hits you with a +0 club.
* * * LOW HITPOINT WARNING * * *
The orc hits you with a +0 short sword.
* * * LOW HITPOINT WARNING * * *
Your quokka zombie bites the orc but does no damage.
The orc attacks as it pursues you! The orc hits you with a +0 short sword.
* * * LOW HITPOINT WARNING * * *
Things that are here:
a +0 dagger; a +0 robe Your quokka zombie bites the orc.
Your orc wizard zombie barely misses the orc.
The orc hits your orc wizard zombie with a +0 club.
The orc attacks as it pursues you! The orc hits you with a +0 short sword.
You die...
Your body rises from the dead as a mindless zombie.

#### #### #..## #..## .#
###.# ###.# ## .# #..###
#..### .###.##
######..######..######.....
.#.#.....#.#.....#.#.....##
.#.#..^..#.#...Z@#.#......#
#.#.....#.#...oo#.#.......#
#.#.....#.#...).#.#.......#
####..######.Z######..##..#
# ###.# ###.# ###.#..# #
#..### #..### #..##..#
######..######Z.######....#
.#.#.....#.#.ZZ..#.#.Z..###
.#.#....Z#Z#.ZZ..#.#.Z...#


You could see 2 orcs, a friendly quokka zombie and a friendly orc wizard zombie.

Vanquished Creatures
  Natasha (thrice) (D:2)
  An orc wizard (D:2)
  4 adders
  A worm (D:4)
  2 dart slugs
  2 orcs
  2 ball pythons
  3 bats
  2 endoplasms (D:2)
  4 giant cockroaches
  4 goblins
  4 hobgoblins
  4 jackals (D:1)
  2 quokkas (D:2)
  3 frilled lizards
  2 kobolds (D:1)
  2 rats (D:1)
45 creatures vanquished.

Vanquished Creatures (collateral kills)
  2 dart slugs
  A ball python (D:1)
  An endoplasm (D:2)
  A quokka (D:1)
5 creatures vanquished.

Vanquished Creatures (others)
  A jackal zombie (D:1)
  A rat zombie (D:1)
2 creatures vanquished.

Grand Total: 52 creatures vanquished

Notes
Turn   | Place    | Note
-------+----------+-------------------------------------------
     0 | D:5      | Azuregosa the Octopode Delver began the quest for the Orb.
     0 | D:5      | Reached XP level 1. HP: 16/16 MP: 1/1
     9 | D:5      | Found a runed translucent door.
    10 | D:5      | Noticed Crazy Yiuf
    40 | D:5      | Noticed a hound
    59 | D:4      | Reached skill level 7 in Stealth
   100 | D:4      | Noticed an orc wizard
   120 | D:4      | Noticed a hound
   167 | D:4      | Found Ifedgh's Antique Armour Emporium.
   167 | D:4      | Noticed a hound
   178 | D:3      | Reached XP level 2. HP: 10/21 MP: 2/2
   267 | D:2      | Noticed Natasha
   273 | D:2      | Killed Natasha
   274 | D:2      | Reached skill level 8 in Stealth
   274 | D:2      | Reached XP level 3. HP: 15/26 MP: 3/3
   282 | D:2      | Noticed Natasha
   288 | D:2      | Killed Natasha
   511 | D:2      | Reached XP level 4. HP: 29/31 MP: 4/4
   515 | D:2      | Noticed Natasha
   522 | D:2      | Killed Natasha
   523 | D:2      | Reached skill level 9 in Stealth
   746 | D:1      | Reached XP level 5. HP: 36/36 MP: 5/5
   805 | D:1      | Found a faded altar of an unknown god.
   808 | D:1      | Prayed at the altar of an unknown god.
   808 | D:1      | Became a worshipper of Yredelemnul the Dark
   808 | D:1      | Reached * piety under Yredelemnul
  2324 | D:2      | Reached skill level 10 in Stealth
  2409 | D:2      | HP: 1/36 [orc/+0 short sword (3)]
  2410 | D:2      | Slain by an orc

Illustrated notes

Levels and vault maps discovered:
D:1:      dpeg_arrival_rooms_c, layout_rooms,
          shapermc_ecumenical_altar_mp_urbaneastern, serial_forest,
          infiniplex_forest_3_way, infiniplex_forest_straight_3,
          infiniplex_forest_diagonal, infiniplex_forest_straight_2,
          infiniplex_forest_end_3, infiniplex_forest_fountain
D:2:      layout_basic, nicolae_houndstooth_variations, uniq_natasha
D:3:      layout_basic, old_standard_altar, minmay_stone_trees_small
D:4:      kb_forest_paths, layout_basic, serial_shops, nicolae_shop_statue_plus,
          st_stairs_14, minmay_misc_feat_more_columns
D:5:      cheibrodos_helix_gallery, layout_basic, minmay_overflow_temple_hex,
          chequers_big_river, minivault_25, hangedman_decor_lopped,
          uniq_crazy_yiuf_cottage

Skill      XL: |  1  2  3  4  5 |
---------------+----------------+-----
Stealth        | 7 8 9 10 | 10.2
Fighting       | |  3.0
Maces & Flails | |  2.0
Dodging        | |  2.0

Action                     |  1- 3 |  4- 6 || total
---------------------------+-------+-------++-------
  Melee: Mace              |    25 |    82 ||   107
         Constrict         |     7 |    23 ||    30
         Tentacles         |     4 |    19 ||    23
         Punch             |     1 |     2 ||     3
   Stab: Sleeping          |     2 |    12 ||    14
 Armour: Skin              |     9 |    60 ||    69
  Dodge: Dodged            |    24 |   117 ||   141

Table legend: (Time is in decaauts)
 A = Elapsed time spent in this place.
 B = Non-inter-level travel time spent in this place.
 C = Inter-level travel time spent in this place.
 D = Time resting spent in this place.
 E = Time spent auto-exploring this place.
 F = Levels seen in this place.
 G = Mean time per level.
                   A        B        C        D        E       F      G
               +--------+--------+--------+--------+--------+-----+--------+
         Total |   2442 |   2400 |     42 |    708 |    995 |   5 |  488.4 |
       Dungeon |   2442 |   2400 |     42 |    708 |    995 |   5 |  488.4 |
               +--------+--------+--------+--------+--------+-----+--------+

Top non-repeatable levels by time:
     D:1: 1207 daAuts
     D:2: 968 daAuts
     D:4: 125 daAuts
     D:3: 90 daAuts
     D:5: 52 daAuts
